 Dungeon Sprint DCSS version 0.26-a0-658-gbdda728c12 (webtiles) character file.

Game seed: 17954731391813852359

73313 mhtbhm the Slayer (level 15, -4/249 HPs)
             Began as a Minotaur Fighter on Oct 4, 2020.
             Was the Champion of Okawaru.
             Slain by Mennas
             ... wielding a +1 sacred scourge of holy wrath
              (13 damage)
             ... in the Dungeon (Sprint IX: "|||||||||||||||||||||||||||||").
             The game lasted 00:14:01 (5240 turns).

mhtbhm the Slayer (Minotaur Fighter)                Turns: 5240, Time: 00:14:01

Health: -4/249     AC: 21    Str: 25    XL:     15   Next: 3%
Magic:  15/15      EV: 15    Int: 11    God:    Okawaru [******]
Gold:   750        SH: 24    Dex:  7    Spells: 14/14 levels left

rFire    + . .     SeeInvis .   p - +1 double sword (drain)
rCold    + + .     Faith    .   c - +0 tower shield {rC+}
rNeg     . . .     Spirit   .   b - +5 scale mail "Ukijoow" {rPois rCorr Int+4 Stlth-}
rPois    +         Reflect  .   (helmet restricted)
rElec    .         Harm     .   q - +2 cloak {MR+}
rCorr    +         Rampage  .   (no gloves)
MR       ++...     NoTele   +   x - +0 pair of boots
Stlth    ..........             I - amulet of regeneration
HPRegen  0.91/turn              H - ring of protection from cold
MPRegen  0.14/turn              t - ring "Hiolann" {rPois rF+ Int+2 Dex-5 Stlth-}

@: berserking, glowing, very quick
A: retaliatory headbutt, horns 2
a: Heroism, Finesse, Renounce Religion


You were in the Dungeon.
You worshipped Okawaru.
Okawaru was exalted by your worship.
You visited 1 branch You collected 1957 gold pieces.
You spent 1207 gold pieces at shops.

Inventory:

Hand Weapons
 a - a +2 scimitar of holy wrath
 p - a +1 double sword of draining (weapon)
Missiles
 v - 7 datura-tipped darts
 w - 5 atropa-tipped darts
 z - a silver javelin (quivered)
 E - 5 javelins
Armour
 b - the +5 scale mail "Ukijoow" (worn) {rPois rCorr Int+4 Stlth-}
   (Okawaru gifted it to you in the Dungeon)

   It affects your intelligence (+4).
   It protects you from poison.
   It provides partial protection from all sources of acid and corrosion.
   It makes you less stealthy.
 c - a +0 tower shield of cold resistance (worn)
 q - a +2 cloak of magic resistance (worn)
 x - a +0 pair of boots (worn)
Jewellery
 t - the ring "Hiolann" (right hand) {rPois rF+ Int+2 Dex-5 Stlth-}
   (You found it in the Dungeon)

   [ring of attention]

   It affects your intelligence (+2).
   It affects your dexterity (-5).
   It protects you from fire.
   It protects you from poison.
   It makes you less stealthy.
 F - an uncursed ring of protection from magic
 H - a ring of protection from cold (left hand)
 I - an amulet of regeneration (around neck)
Wands
 n - a wand of iceblast (3)
Scrolls
 j - 3 scrolls of blinking
 l - 6 scrolls of remove curse
 m - 2 scrolls of amnesia
 o - 3 scrolls of identify
 u - 5 scrolls of enchant weapon
 y - 4 scrolls of fog
 A - 7 scrolls of enchant armour
 C - a scroll of immolation
Potions
 d - 3 potions of might
 e - 6 potions of curing
 f - a potion of heal wounds
 g - 2 potions of haste
 h - 4 potions of magic
 i - a potion of stabbing
 k - a potion of invisibility
 r - a potion of brilliance
 D - a potion of flight


   Skills:
 + Level 24.0 Fighting
 + Level 23.3 Long Blades
 + Level 12.4 Throwing
 + Level 17.5 Armour
 + Level 13.4 Dodging
 + Level 4.2 Stealth
 + Level 23.2 Shields
 + Level 1.5 Invocations
 + Level 3.4 Evocations


You had 14 spell levels left.
You didn't know any spells.
Your spell library was empty.

Dungeon Overview and Level Annotations

Branches:
Dungeon (1/1)

Altars:
Cheibriados
Dithmenos
Elyvilon
Fedhas
Gozag
Hepliaklqana
Kikubaaqudgha
Makhleb
Nemelex Xobeh
Okawaru
Qazlal
Ru
Sif Muna
Trog
Uskayaw
Vehumet
Wu Jian
Xom
Yredelemnul
Zin
The Shining One
Beogh
Jiyva
Lugonu

Shops:
D *?*?

Annotations:
D Mennas


Innate Abilities, Weirdness & Mutations

You reflexively headbutt those who attack you in melee.
You have a pair of horns on your head.


Message History

You easily resist.
Mennas blocks your attack.
Your headbutt misses Mennas.
Mennas is severely wounded.
Mennas hits you but does no damage. Mennas completely misses you.
You slash Mennas! Your headbutt misses Mennas.
Mennas is severely wounded.
Mennas blocks your attack.
Mennas is severely wounded.
Mennas gestures frantically.
You resist with some effort.
The human appears confused.
Mennas blocks your attack.
Your headbutt misses Mennas.
Mennas is severely wounded.
Mennas hits you with a +1 sacred scourge of holy wrath!
* * * LOW HITPOINT WARNING * * *
You block Mennas's attack. Mennas blocks your attack.
Your headbutt misses Mennas.
Mennas is severely wounded.
Mennas hits you with a +1 sacred scourge of holy wrath!
You die...

.▓.▓.▓.▓.▓†▓.▓[▓,*,*,*+*,*,*,*,*,
.▓.▓.▓.▓.▓)▓.▓'▓(▓,*,*,*,*+*,*,*,
.▓.▓.▓.▓.▓)▓.▓(▓.▓,*,*,*,*,*,*,*,
.▓.▓.▓.▓)▓)▓.▓)▓.▓,*,*,*,*,*,*,*,
.▓)▓.▓.▓÷▓.▓.▓(▓.▓,*,*,*,*,*,*,*,
.▓)▓.▓.▓.▓)▓.▓)▓)▓,*,*,*,*,*,*,*,
.▓)▓.▓.▓.▓.▓.▓)▓)▓,*,*,*,*,*,*,*,
.▓)▓.▓[▓.▓†▓.▓)▓A▓,*,*,*,*,*,*,*,
.▓)▓.▓)▓.▓†▓.▓)▓@▓,*,*,*,*,*,*,*,
[▓)▓.▓.▓.▓†▓.▓)▓)▓,*,*,*,*,*,*,*,
)▓.▓.▓)▓.▓†▓.▓.▓.▓,*,*,*,*,*,*,*,
.▓∩▓.▓)▓.▓.▓.▓.▓.▓,*,*,*,*,*,*,*,
.▓.▓.▓[▓.▓.▓.▓.▓p▓,*,*,*,*,*,*,*,
.▓∩▓)▓.▓.▓.▓.▓.▓.▓,*,*,*,*,*,*,*,
.▓.▓.▓.▓.▓.▓.▓.▓.▓,*,*+*,*,*,*,*,
.▓∩▓.▓.▓.▓.▓.▓.▓.▓,*,*,*,*,*,*,*,
.▓)▓.▓.▓.▓.▓.▓.▓.▓,*,*,*,*,*,*,*,


You could see Mennas and a neutral human (wandering, confused).

Vanquished Creatures
  Saint Roka (D)
  Rupert (D)
  A lich (D)
  Kirke (D)
  Gastronok (D)
  A thorn hunter (D)
  A nagaraja (D)
  2 vault wardens (D)
  2 fire giants (D)
  3 frost giants (D)
  2 ironheart preservers (D)
  A very ugly thing (D)
  4 stone giants (D)
  An ettin (D)
  A merfolk javelineer (D)
  3 yaktaur captains (D)
  A fire dragon (D)
  A great orb of eyes (D)
  A merfolk impaler (D)
  Harold (D)
  2 rakshasas (D)
  An alligator snapping turtle (D)
  A naga warrior (D)
  5 centaur warriors (D)
  A satyr (D)
  Erica (D)
  An alligator (D)
  2 tengu warriors (D)
  A shock serpent (D)
  A deep troll shaman (D)
  Urug (D)
  Nergalle (D)
  An orc high priest (D)
  A shadow wraith (D)
  A hell knight (D)
  A skeletal warrior (D)
  An unseen horror (D)
  A glowing orange brain (D)
  A wizard (D)
  2 sea snakes (D)
  2 ironbrand convokers (D)
  2 orc knights (D)
  3 ugly things (D)
  A wolf spider (D)
  8 orc sorcerers (D)
  A cyclops (D)
  A manticore (D)
  2 vault sentinels (D)
  2 naga magi (D)
  A water nymph (D)
  4 black mambas (D)
  3 cane toads (D)
  3 komodo dragons (D)
  4 yaktaurs (D)
  A freezing wraith (D)
  A tengu conjurer (D)
  2 demonic crawlers (D)
  3 jumping spiders (D)
  A polar bear (D)
  3 tyrant leeches (D)
  5 blink frogs (D)
  A slime creature (D)
  A bog body (D)
  2 snapping turtles (D)
  A vampire (D)
  2 wyverns (D)
  A wraith (D)
  A yak (D)
  2 redbacks (D)
  A tarantella (D)
  A hog (D)
  4 basilisks (D)
  2 vampire mosquitoes (D)
  Grum (D)
  2 nagas (D)
  A soldier ant (D)
  3 water moccasins (D)
  A swamp drake (D)
  An ogre (D)
  15 orc warriors (D)
  A black bear (D)
  3 wolves (D)
  2 bullfrogs (D)
  2 wights (D)
  3 orc priests (D)
  11 orc wizards (D)
  3 worker ants (D)
  An adder (D)
  An adder skeleton (D)
  7 orcs (D)
  A giant cockroach (D)
  A kobold (D)
  A frilled lizard (D)
  A leopard gecko zombie (D)
  3 rats (D)
194 creatures vanquished.

Vanquished Creatures (others)
  A human (D)
1 creature vanquished.

Grand Total: 195 creatures vanquished

Notes
Turn   | Place    | Note
-------+----------+-------------------------------------------
     0 | D        | mhtbhm the Minotaur Fighter began the quest for the Orb.
     0 | D        | Reached XP level 1. HP: 19/19 MP: 0/0
     7 | D        | Reached skill level 4 in Fighting
    16 | D        | Noticed an orc wizard
    16 | D        | Noticed a worker ant
    19 | D        | Killed an orc wizard
    19 | D        | Reached skill level 5 in Fighting
    19 | D        | Reached skill level 5 in Armour
    19 | D        | Reached skill level 5 in Shields
    19 | D        | Reached XP level 2. HP: 28/29 MP: 1/1
    19 | D        | Reached XP level 3. HP: 34/36 MP: 2/2
    28 | D        | Reached skill level 6 in Fighting
    28 | D        | Reached XP level 4. HP: 38/44 MP: 3/3
    40 | D        | Found a roughly hewn altar of Beogh.
    40 | D        | Found a snail-covered altar of Cheibriados.
    40 | D        | Found a shadowy altar of Dithmenos.
    40 | D        | Found a white marble altar of Elyvilon.
    40 | D        | Found a blossoming altar of Fedhas.
    40 | D        | Found an opulent altar of Gozag.
    41 | D        | Found a hazy altar of Hepliaklqana.
    42 | D        | Found a viscous altar of Jiyva.
    43 | D        | Found an ancient bone altar of Kikubaaqudgha.
    44 | D        | Found a corrupted altar of Lugonu.
    45 | D        | Found a burning altar of Makhleb.
    46 | D        | Found a sparkling altar of Nemelex Xobeh.
    47 | D        | Found an iron altar of Okawaru.
    48 | D        | Found a stormy altar of Qazlal.
    49 | D        | Found a sacrificial altar of Ru.
    50 | D        | Found a shimmering blue altar of Sif Muna.
    51 | D        | Found a bloodstained altar of Trog.
    52 | D        | Found a hide-covered altar of Uskayaw.
    53 | D        | Found a radiant altar of Vehumet.
    54 | D        | Found an ornate altar of the Wu Jian Council.
    59 | D        | Found a shimmering altar of Xom.
    60 | D        | Found a basalt altar of Yredelemnul.
    61 | D        | Found a glowing silver altar of Zin.
    62 | D        | Found a glowing golden altar of the Shining One.
    67 | D        | Became a worshipper of Warmaster Okawaru
   122 | D        | Noticed an ogre
   122 | D        | Noticed a wraith
   129 | D        | Reached skill level 7 in Fighting
   129 | D        | Reached skill level 5 in Long Blades
   129 | D        | Reached XP level 5. HP: 40/52 MP: 4/4
   136 | D        | Killed an ogre
   136 | D        | Reached skill level 8 in Fighting
   136 | D        | Reached skill level 1 in Dodging
   140 | D        | Killed a wraith
   140 | D        | Reached * piety under Okawaru
   140 | D        | Reached skill level 9 in Fighting
   140 | D        | Reached XP level 6. HP: 25/63 MP: 5/5
   402 | D        | Noticed a centaur warrior
   402 | D        | Noticed a soldier ant
   402 | D        | Noticed a cyclops
   402 | D        | Noticed a purple ugly thing
   402 | D        | Noticed an orc warrior
   412 | D        | Killed a centaur warrior
   412 | D        | Reached ** piety under Okawaru
   412 | D        | Reached *** piety under Okawaru
   412 | D        | Reached skill level 11 in Fighting
   412 | D        | Reached skill level 10 in Long Blades
   412 | D        | Reached skill level 10 in Armour
   412 | D        | Reached skill level 10 in Shields
   412 | D        | Reached XP level 7. HP: 43/74 MP: 6/6
   412 | D        | Reached XP level 8. HP: 47/82 MP: 7/7
   420 | D        | Killed a cyclops
   420 | D        | Reached **** piety under Okawaru
   426 | D        | HP: 3/124 [purple ugly thing (8)]
   428 | D        | Killed a purple ugly thing
   428 | D        | Reached ***** piety under Okawaru
   428 | D        | Reached skill level 12 in Fighting
   428 | D        | Reached XP level 9. HP: 4/90 MP: 8/8
   886 | D        | Got the ring "Hiolann" {rPois rF+ Int+2 Dex-5 Stlth-}
   904 | D        | Noticed a black mamba
   911 | D        | Noticed a komodo dragon
   915 | D        | Killed a black mamba
   915 | D        | Reached skill level 13 in Fighting
   946 | D        | Reached skill level 5 in Dodging
   951 | D        | Killed a komodo dragon
  1351 | D        | Noticed a polar bear
  1351 | D        | Noticed a komodo dragon
  1351 | D        | Noticed a komodo dragon
  1351 | D        | Noticed a black mamba
  1358 | D        | Killed a polar bear
  1358 | D        | Reached skill level 15 in Long Blades
  1364 | D        | Killed a komodo dragon
  1364 | D        | Received a gift from Okawaru
  1364 | D        | Reached skill level 14 in Fighting
  1364 | D        | Reached XP level 10. HP: 77/103 MP: 9/9
  1381 | D        | Killed a black mamba
  1651 | D        | Noticed a cane toad
  1668 | D        | Killed a cane toad
  1668 | D        | Reached skill level 15 in Fighting
  1996 | D        | Reached skill level 1 in Stealth
  2086 | D        | Noticed Harold
  2104 | D        | Killed Harold
  2139 | D        | Noticed Gastronok
  2156 | D        | Killed Gastronok
  2156 | D        | Received a gift from Okawaru
  2156 | D        | Reached skill level 16 in Fighting
  2156 | D        | Reached XP level 11. HP: 105/114 MP: 10/10
  2176 | D        | Noticed Erica
  2189 | D        | Killed Erica
  2259 | D        | Noticed an orc knight
  2282 | D        | Killed an orc knight
  2469 | D        | Noticed an orc high priest
  2475 | D        | Noticed an orc sorcerer
  2485 | D        | Noticed a sun demon
  2499 | D        | Killed an orc high priest
  2505 | D        | Killed an orc sorcerer
  2505 | D        | Reached skill level 17 in Fighting
  2505 | D        | Reached skill level 15 in Shields
  2508 | D        | Received a gift from Okawaru
  2662 | D        | Found Mavastoc's Assorted Antiques.
  2662 | D        | Noticed an orc sorcerer
  2662 | D        | Noticed an orc sorcerer
  2664 | D        | Noticed an orc sorcerer
  2678 | D        | Killed an orc sorcerer
  2684 | D        | Noticed an orc sorcerer
  2687 | D        | Killed an orc sorcerer
  2694 | D        | Killed an orc sorcerer
  2694 | D        | Reached ****** piety under Okawaru
  2697 | D        | Found Kyket's Magic Scroll Shoppe.
  2697 | D        | Noticed an orc sorcerer
  2702 | D        | Killed an orc sorcerer
  2702 | D        | Reached skill level 15 in Armour
  2704 | D        | Found Wawaceky's Assorted Antiques.
  2707 | D        | Killed an orc sorcerer
  2707 | D        | Received a gift from Okawaru
  2710 | D        | Found Sujytontoi's Magic Scroll Shoppe.
  2905 | D        | Noticed an orc sorcerer
  2907 | D        | Noticed an orc sorcerer
  2918 | D        | Noticed a sixfirhy
  2930 | D        | Killed an orc sorcerer
  2941 | D        | Killed an orc sorcerer
  2941 | D        | Reached skill level 18 in Fighting
  2970 | D        | Bought a scroll of blinking for 82 gold pieces
  2970 | D        | Bought a scroll of fog for 22 gold pieces
  2970 | D        | Bought a scroll of enchant weapon for 82 gold pieces
  2970 | D        | Bought a scroll of enchant armour for 82 gold pieces
  2970 | D        | Bought a scroll of enchant armour for 82 gold pieces
  2970 | D        | Bought a scroll of identify for 22 gold pieces
  2972 | D        | Bought 2 potions of heal wounds for 170 gold pieces
  2972 | D        | Bought a scroll of blinking for 127 gold pieces
  2974 | D        | Bought a scroll of enchant weapon for 105 gold pieces
  2974 | D        | Bought a scroll of enchant armour for 105 gold pieces
  2974 | D        | Bought a scroll of fog for 28 gold pieces
  2974 | D        | Bought a scroll of magic mapping for 49 gold pieces
  2982 | D        | Bought a scroll of immolation for 38 gold pieces
  2988 | D        | Bought a scroll of fog for 62 gold pieces
  2988 | D        | Bought a viscous black potion for 27 gold pieces
  2988 | D        | Bought a scroll of identify for 62 gold pieces
  2988 | D        | Bought a scroll of identify for 62 gold pieces
  3047 | D        | Noticed Urug
  3057 | D        | Killed Urug
  3057 | D        | Reached XP level 12. HP: 95/127 MP: 11/11
  3332 | D        | Noticed a centaur warrior
  3349 | D        | Noticed a fire giant
  3354 | D        | Noticed a frost giant
  3359 | D        | Noticed a fire dragon
  3363 | D        | Reached skill level 1 in Throwing
  3368 | D        | Killed a fire giant
  3368 | D        | Received a gift from Okawaru
  3368 | D        | Reached skill level 1 in Invocations
  3373 | D        | Noticed an ettin
  3376 | D        | Noticed a stone giant
  3378 | D        | Killed a frost giant
  3380 | D        | Killed a centaur warrior
  3380 | D        | Reached skill level 19 in Fighting
  3384 | D        | Noticed a tengu warrior
  3396 | D        | Killed a stone giant
  3401 | D        | Killed a fire dragon
  3517 | D        | Killed an ettin
  3531 | D        | Killed a tengu warrior
  3644 | D        | Got a slimy hat {god gift}
  3650 | D        | Identified the +2 hat of Cocytus {rC- Int-2 Dex+8} (Okawaru
                  | gifted it to you in the Dungeon)
  3708 | D        | Noticed Grum
  3713 | D        | Killed Grum
  3733 | D        | Noticed Nergalle
  3748 | D        | Killed Nergalle
  3786 | D        | Noticed a merfolk javelineer
  3786 | D        | Noticed an alligator snapping turtle
  3787 | D        | Noticed a satyr
  3892 | D        | Killed a merfolk javelineer
  3892 | D        | Reached skill level 20 in Fighting
  4065 | D        | Killed an alligator snapping turtle
  4065 | D        | Reached XP level 13. HP: 90/139 MP: 13/13
  4111 | D        | Noticed a merfolk impaler
  4127 | D        | Killed a merfolk impaler
  4127 | D        | Reached skill level 1 in Evocations
  4244 | D        | Noticed a purple very ugly thing
  4246 | D        | Received a gift from Okawaru
  4248 | D        | Noticed a thorn hunter
  4260 | D        | Killed a purple very ugly thing
  4274 | D        | Killed a thorn hunter
  4274 | D        | Reached skill level 5 in Throwing
  4279 | D        | Reached skill level 21 in Fighting
  4279 | D        | Reached skill level 10 in Dodging
  4303 | D        | Got a scorched kite shield {god gift}
  4314 | D        | Identified the +1 kite shield "Colopann" {Dex+2} (Okawaru
                  | gifted it to you in the Dungeon)
  4336 | D        | Noticed a nagaraja
  4349 | D        | Killed a nagaraja
  4612 | D        | Noticed Rupert
  4625 | D        | Killed Rupert
  4665 | D        | Noticed a stone giant
  4666 | D        | Noticed a fire giant
  4667 | D        | Noticed a frost giant
  4670 | D        | Reached skill level 22 in Fighting
  4672 | D        | Killed a fire giant
  4676 | D        | Received a gift from Okawaru
  4678 | D        | Killed a stone giant
  4678 | D        | Reached XP level 14. HP: 87/154 MP: 14/14
  4679 | D        | Noticed a stone giant
  4681 | D        | Killed a frost giant
  4682 | D        | Noticed a frost giant
  4691 | D        | Killed a stone giant
  4697 | D        | Noticed a lich
  4698 | D        | Killed a frost giant
  4705 | D        | Noticed a Hell Sentinel
  4714 | D        | Noticed a reaper
  4735 | D        | Killed a lich
  4735 | D        | Received a gift from Okawaru
  4801 | D        | Reached skill level 23 in Fighting
  5000 | D        | Noticed an ironheart preserver
  5005 | D        | Received a gift from Okawaru
  5007 | D        | Killed an ironheart preserver
  5021 | D        | Reached skill level 10 in Throwing
  5024 | D        | Noticed an ironheart preserver
  5030 | D        | Noticed a stone giant
  5038 | D        | Killed an ironheart preserver
  5040 | D        | Noticed a vault warden
  5042 | D        | Killed a stone giant
  5045 | D        | Noticed a vault warden
  5063 | D        | Killed a vault warden
  5064 | D        | Killed a vault warden
  5103 | D        | Got an encrusted scale mail {god gift}
  5109 | D        | Identified the +5 scale mail "Ukijoow" {rPois rCorr Int+4
                  | Stlth-} (Okawaru gifted it to you in the Dungeon)
  5155 | D        | Noticed Kirke
  5170 | D        | Killed Kirke
  5170 | D        | Received a gift from Okawaru
  5188 | D        | Noticed Saint Roka
  5199 | D        | Noticed Mennas
  5216 | D        | Killed Saint Roka
  5216 | D        | Received a gift from Okawaru
  5216 | D        | Reached skill level 24 in Fighting
  5216 | D        | Reached XP level 15. HP: 94/166 MP: 15/15
  5228 | D        | HP: 2/166 [Mennas/+1 sacred scourge of holy wrath (15)]
  5239 | D        | HP: 9/249 [Mennas/+1 sacred scourge of holy wrath (13)]
  5240 | D        | Slain by Mennas

Illustrated notes

Levels and vault maps discovered:
D:        linesprint [early_d, line_temple, items_1, d_10, items_2, lair_1,
          lair_end, items_3, orc_1, orc_end, items_4, d_15, swamp_1, shoals_1,
          snake_1, spider_1, d_20, vaults_1, items_5, swamp_end, shoals_end,
          snake_end, spider_end, vaults_end, d_27, items_6, zot_1, zot_end,
          crypt_end, forest_end, elf_end, slime_end, tomb_end, abyss_end,
          pan_hell_end]

Skill      XL: |  1  2  3  4  5  6  7  8  9 10 11 12 13 14 |
---------------+-------------------------------------------+-----
Fighting       | 5 6 7 9 11 12 14 16 18 20 22 24 | 24.0
Armour         | 5 6 7 9 10 11 13 14 15 16 17 | 17.5
Shields        | 5 6 7 9 10 11 12 14 16 18 20 23 | 23.2
Long Blades    | 3 4 5 7 10 12 15 16 18 20 21 23 | 23.3
Dodging        | 1 3 4 5 7 8 9 11 13 | 13.4
Stealth        | 1 2 3 4 |  4.2
Throwing       | 4 7 12 | 12.4
Invocations    | 1 |  1.5
Evocations     | 3 |  3.4

Action                   |  1- 3 |  4- 6 |  7- 9 | 10-12 | 13-15 || total
-------------------------+-------+-------+-------+-------+-------++-------
Melee: Long sword        |    18 |     5 |       |       |       ||    23
       Headbutt          |     5 |     6 |    18 |    84 |    55 ||   168
       Scimitar          |       |    34 |    77 |   328 |       ||   439
       Double sword      |       |       |       |   112 |   254 ||   366
Throw: Javelin           |       |       |       |    12 |    48 ||    60
       Throwing net      |       |       |       |     2 |       ||     2
       Dart              |       |       |       |       |     2 ||     2
Invok: Heroism           |       |       |       |     2 |       ||     2
Evoke: Wand              |       |       |       |       |     7 ||     7
  Use: Potion            |       |       |     3 |     3 |     5 ||    11
       Scroll            |       |       |       |     2 |     3 ||     5
 Stab: Held in net/web   |       |       |       |     1 |       ||     1
Armor: Scale mail        |     5 |    12 |     2 |    51 |    58 ||   128
       Plate armour      |       |       |       |    27 |       ||    27
Dodge: Dodged            |     5 |     7 |    18 |    75 |    54 ||   159
Block: Kite shield       |     5 |    13 |    22 |   164 |   112 ||   316
       Tower shield      |       |       |       |       |    63 ||    63
       Rpst.: Long sword |     2 |       |       |       |       ||     2
       Scimitar          |       |     1 |     4 |    11 |       ||    16
       Double sword      |       |       |       |     7 |     9 ||    16

Table legend: (Time is in decaauts)
 A = Elapsed time spent in this place.
 B = Non-inter-level travel time spent in this place.
 C = Inter-level travel time spent in this place.
 D = Time resting spent in this place.
 E = Time spent auto-exploring this place.
 F = Levels seen in this place.
 G = Mean time per level.
                   A        B        C        D        E       F      G
               +--------+--------+--------+--------+--------+-----+--------+
         Total |   5081 |   5081 |      0 |   2331 |    528 |   1 | 5081.0 |
       Dungeon |   5081 |   5081 |      0 |   2331 |    528 |   1 | 5081.0 |
               +--------+--------+--------+--------+--------+-----+--------+

Top non-repeatable levels by time:
       D: 5081 daAuts
